 Dungeon Crawl Stone Soup version 0.28-a0-305-g9e858e973b (webtiles) character file.

Game seed: 18406434801090466897

79 freelancePsychic the Bolt Thrower (level 4, -2/35 HPs)
             Began as a Formicid Hunter on Aug 29, 2021.
             Was an Initiate of Fedhas.
             Slain by a gnoll (9 damage)
             ... on level 2 of the Dungeon.
             The game lasted 00:03:42 (3077 turns).

freelancePsychic the Bolt Thrower (Formicid Hunter) Turns: 3077, Time: 00:03:43

Health: -2/35      AC:  3    Str: 18    XL:     4   Next: 64%
Magic:  4/4        EV: 12    Int: 10    God:    Fedhas [......]
Gold:   75         SH:  0    Dex: 17    Spells: 3/3 levels left

rFire   . . .      SeeInvis +   a - +1 arbalest (flame)
rCold   . . .      Faith    .   (no shield)
rNeg    . . .      Spirit   .   c - +0 leather armour
rPois   .          Reflect  .   (helmet unavailable)
rElec   .          Harm     .   (no cloak)
rCorr   .          Rampage  .   (no gloves)
Will    .....                   (no boots)
Stlth   ++........              (no amulet)
HPRegen 0.11/turn               m - +6 ring of dexterity
MPRegen 0.09/turn               (no ring)

@: no status effects
A: permanent stasis, dig shafts and tunnels, antennae 3, four strong arms
a: Dig, Shaft Self, Renounce Religion


You were on level 2 of the Dungeon.
You worshipped Fedhas.
Fedhas was noncommittal.
You visited 1 branch of the dungeon, and saw 3 of its levels.

You collected 75 gold pieces.

Inventory:

Hand Weapons
 a - a +1 arbalest of flaming (weapon)
 b - a +0 short sword
 n - a +1 hand crossbow
Missiles
 d - 16 bolts (quivered ammo)
Armour
 c - a +0 leather armour (worn)
Jewellery
 m - a +6 ring of dexterity (left hand)
 o - a ring of magical power
Scrolls
 f - a scroll of identify {unknown}
 h - a scroll of vulnerability {unknown}
 j - a scroll of fear {unknown}
 k - a scroll of magic mapping {unknown}
Potions
 e - a potion of brilliance {unknown}
 g - a potion of curing {@q1}
 i - 2 potions of haste {unknown}
 l - a potion of heal wounds {unknown}


   Skills:
 + Level 3.4 Fighting
 - Level 1.7 Short Blades
 + Level 4.0 Crossbows
 - Level 1.7 Dodging
 - Level 3.2 Stealth


You had 3 spell levels left.
You didn't know any spells.
Your spell library was empty.

Dungeon Overview and Level Annotations

Branches:
Dungeon (3/15)

Altars:
Fedhas


Innate Abilities, Weirdness & Mutations

You cannot be hasted, slowed, berserked, paralysed or teleported.
You can dig through walls and to a lower floor.
You have a pair of large antennae on your head. (SInv)
Your four strong arms can wield two-handed weapons with a shield.


Message History

Where to? (Enter - D:3, ? - help)
There is a stone staircase leading up here.
You climb upwards.
There is a stone staircase leading down here.
Done exploring.
There is a stone staircase leading down here.
(D) Dungeon
Where to? (Enter - D:1, ? - help)
Okay, then.
(D) Dungeon
Where to? (Enter - D:1, ? - help)
You climb downwards.
There is a stone staircase leading up here.
(D) Dungeon
Where to? (Enter - D:2, ? - help)
There is a stone staircase leading down, spattered with blood here.
You climb downwards.
The orc shouts!
You hear a shout!
The gnoll hits you with a +0 flail.
A gnoll comes into view. It is wielding a +0 club.
The gnoll barely misses you.
There is a stone staircase leading up, spattered with blood here.
The gnoll shouts!
You hear a shout! x2
The gnoll hits you with a +0 flail!
You climb upwards.
There is a stone staircase leading down, spattered with blood here.
You are too injured to fight recklessly!
Fire: 18 bolts
Press: ? - help, Q - select action, (/) - cycle Shift-Dir - straight line, f - gnoll
Aim: a gnoll, wielding a +0 flail (68% to hit)
You shoot a bolt. The bolt closely misses the gnoll.
The gnoll hits you with a +0 flail! The gnoll hits you with a +0 flail.
* * * LOW HITPOINT WARNING * * *
Fire: 17 bolts
Press: ? - help, Q - select action, (/) - cycle Shift-Dir - straight line, f/p - gnoll
Aim: a gnoll, wielding a +0 flail (68% to hit)
You shoot a bolt. The bolt closely misses the gnoll.
The gnoll hits you with a +0 flail!
You die...
Fedhas appreciates your contribution to the ecosystem.

# #.# ##.#...................#. #
#.###.#.....................# #
#.##.#.......................
#####.#.#.......#.##...##.#......
.......#.......#.#.##.##.#.#.....
#####.#........######+######.....
# #...........(...............( #
#.##.######.g#..##.#.#.##...# #
#.##.# ####.@...##.#.#...<... #
#.##.# #................#.... #
#.##.# ####.........)#.##...#
#####.##.# #.######.#.#.......
.........# #.# #.#.#####...
####..#### #.# #.#.# #..# # #..#
######.######.#.#####..# #..#
#.............#........# #..#
#.####.######.########.#


You could see a gnoll.

Vanquished Creatures
  4 adders (D:2)
  A worm (D:2)
  A dart slug (D:1)
  4 orcs (D:2)
  3 ball pythons
  2 endoplasms
  A giant cockroach (D:2)
  3 goblins
  2 hobgoblins (D:2)
  A quokka (D:1)
  5 bats
  4 frilled lizards
  4 kobolds
  3 rats
38 creatures vanquished.

Notes
Turn   | Place    | Note
-------+----------+-------------------------------------------
     0 | D:1      | freelancePsychic the Formicid Hunter began the quest for
                  | the Orb.
     0 | D:1      | Reached XP level 1. HP: 16/16 MP: 1/1
   490 | D:1      | Reached XP level 2. HP: 23/23 MP: 2/2
  1213 | D:1      | Reached skill level 1 in Short Blades
  1453 | D:2      | Reached XP level 3. HP: 14/28 MP: 3/3
  1822 | D:2      | Reached XP level 4. HP: 35/35 MP: 4/4
  2313 | D:2      | Found a blossoming altar of Fedhas.
  2442 | D:2      | Became a worshipper of Fedhas Madash
  3077 | D:2      | Slain by a gnoll

Illustrated notes

Levels and vault maps discovered:
D:1:      ebering_hopf_link, layout_loops_corners, nrook_mini_vaults,
          kennysheep_minor_cross, minmay_misc_feat_nine_boxes, amethyst_killhole
D:2:      wad_pebble_path, layout_basic, basic_altar, kennysheep_generic_room_8
D:3:      layout_basic, gammafunk_temple_overflow_claw, basic_ecumenical_altar,
          serial_shops, shop

Skill      XL: |  1  2  3  4 |
---------------+-------------+-----
Stealth        | 2 3 |  3.2
Short Blades   | 1 |  1.7
Fighting       | 3 |  3.4
Crossbows      | |  4.0
Dodging        | |  1.7

Action                   |  1- 3 |  4- 6 || total
-------------------------+-------+-------++-------
Melee: Short sword       |    64 |    26 ||    90
 Fire: Hand crossbow     |    28 |    14 ||    42
       Arbalest          |       |     9 ||     9
  Use: Potion            |       |     1 ||     1
 Stab: Sleeping          |     3 |       ||     3
Armor: Leather armour    |    19 |     8 ||    27
Dodge: Dodged            |    52 |    22 ||    74

Table legend: (Time is in decaauts)
 A = Elapsed time spent in this place.
 B = Non-inter-level travel time spent in this place.
 C = Inter-level travel time spent in this place.
 D = Time resting spent in this place.
 E = Time spent auto-exploring this place.
 F = Levels seen in this place.
 G = Mean time per level.
                   A        B        C        D        E       F      G
               +--------+--------+--------+--------+--------+-----+--------+
         Total |   3096 |   2979 |    117 |      0 |   2624 |   3 | 1032.0 |
       Dungeon |   3096 |   2979 |    117 |      0 |   2624 |   3 | 1032.0 |
               +--------+--------+--------+--------+--------+-----+--------+

Top non-repeatable levels by time:
     D:2: 1648 daAuts
     D:1: 1434 daAuts
     D:3: 13 daAuts
